[Event "Titled Tuesday Blitz September 28 2021"]
[White "Nakamura, Hikaru"]
[Black "Pichot, Alan"]
[WhiteFideId "2016192"]
[BlackFideId "110973"]
[WhiteElo "2884"]
[BlackElo "2600"]
[Result "1-0"]
[Round "04"]
[TimeControl "180+1"]
[Date "2021.09.28"]
[WhiteClock "0:00:26"]
[BlackClock "0:00:11"]

1. Nf3 Nf6 2. b3 d5 3. e3 Bf5 4. Bb2 e6 5. Nh4 Bg6 6. Nxg6 hxg6 7. g3 a5 8. a3 a4 9. b4 c5 10. bxc5 Bxc5 11. d4 Bd6 12. Nd2 Nc6 13. c4 Qa5 14. Bd3 dxc4 15. Bxc4 Rc8 16. O-O g5 17. Be2 Be7 18. Nc4 Qf5 19. f3 Qh3 20. Rf2 g4 21. Qxa4 gxf3 22. Bxf3 Ng4 23. Bxg4 Qxg4 24. Qd1 Qg5 25. Qf3 O-O 26. Nd2 Qg6 27. Qe4 Qxe4 28. Nxe4 Na5 29. a4 Nc4 30. Bc1 e5 31. Rb1 Rc7 32. Rc2 Rd8 33. Nd2 Nxd2 34. Rxc7 Nxb1 35. Rxe7 exd4 36. Rxb7 Nc3 37. Bb2 Ne2+ 38. Kf2 d3 39. Ke1 Ng1 40. a5 d2+ 41. Kd1 Nf3 42. a6 Re8 43. a7 Rxe3 44. a8=Q+ Kh7 45. Rd7 1-0


[Site "https://www.chess.com"]

[Event "Titled Tuesday Blitz September 28 2021"]
[White "Navalgund, Niranjan"]
[Black "Nozdrachev, Leonid"]
[WhiteFideId "5030854"]
[BlackFideId "24113433"]
[WhiteElo "2290"]
[BlackElo "2196"]
[Result "1-0"]
[Round "04"]
[TimeControl "180+1"]
[Date "2021.09.28"]
[WhiteClock "0:00:20"]
[BlackClock "0:00:10"]

1. e4 c6 2. Nc3 d5 3. Nf3 dxe4 4. Nxe4 Nf6 5. Qe2 Nxe4 6. Qxe4 Qd5 7. Qxd5 cxd5 8. Bb5+ Bd7 9. a4 a6 10. Be2 Nc6 11. d4 Bg4 12. c3 e6 13. h3 Bxf3 14. Bxf3 Bd6 15. O-O Ke7 16. Re1 Kd7 17. Be3 Rhb8 18. b4 b5 19. axb5 axb5 20. Be2 Na7 21. Ra6 Nc8 22. Bxb5+ Kc7 23. Rea1 Rxa6 24. Bxa6 Ra8 25. b5 Nb6 26. Kf1 Nc4 27. Bc1 Kb6 28. Ke2 f6 29. f4 Re8 30. Kd3 e5 31. fxe5 fxe5 32. dxe5 Rxe5 33. Bf4 Nb2+ 34. Kd2 Nc4+ 35. Kd1 Nb2+ 36. Kd2 Nc4+ 37. Kd3 Re4 38. Bxd6 Nxd6 39. Rf1 h5 40. Rf8 Re5 41. Rb8+ Kc5 42. b6 Nc4 43. b7 Re3+ 44. Kc2 Re2+ 45. Kd1 Rb2 46. Rc8+ Kd6 47. b8=Q+ Rxb8 48. Rxb8 Ne3+ 49. Ke2 Nxg2 50. Rg8 Nf4+ 51. Kd2 g6 52. Bd3 Ke5 53. Bxg6 h4 54. Bd3 Nxh3 55. Rh8 Ng5 56. Rh5 Kf6 57. Ke3 Nf7 58. Rxh4 Ke5 59. Rh5+ Kd6 60. Kd4 Nd8 61. Rxd5+ Kc7 62. Rxd8 Kxd8 63. Kc5 Kc7 64. Bb5 Kc8 65. Bc6 Kc7 66. c4 Kb8 67. Kd6 Kc8 68. c5 Kb8 69. Bd5 Kc8 70. c6 Kb8 71. c7+ Kc8 72. Be6+ Kb7 73. c8=Q+ Kb6 74. Qb8+ Ka5 75. Kc5 Ka4 76. Qb4# 1-0


[Site "https://www.chess.com"]

[Event "Titled Tuesday Blitz September 28 2021"]
[White "Nguyen, Ngoc Truong Son"]
[Black "Viani Antonio Dcunha"]
[WhiteFideId "12401110"]
[BlackFideId "5027330"]
[WhiteElo "2596"]
[BlackElo "2366"]
[Result "1-0"]
[Round "04"]
[TimeControl "180+1"]
[Date "2021.09.28"]
[WhiteClock "0:00:10"]
[BlackClock "0:00:08"]

1. d4 Nf6 2. Nf3 g6 3. Nc3 d5 4. Bf4 Bg7 5. e3 c6 6. Be2 b5 7. Ne5 Nfd7 8. Nxc6 Nxc6 9. Bxb5 Bb7 10. Nxd5 O-O 11. Bc7 Qe8 12. Bg3 Rc8 13. Nc3 a6 14. Be2 e5 15. d5 Ne7 16. O-O Nf5 17. e4 Nd6 18. f3 f5 19. Bd3 Qd8 20. Bf2 Nc5 21. Qe2 Qb6 22. Na4 Qa5 23. Nxc5 Rxc5 24. Bxc5 Qxc5+ 25. Kh1 Rc8 26. c3 Qb6 27. Rab1 f4 28. Rfc1 a5 29. b3 g5 30. a3 h5 31. b4 axb4 32. axb4 g4 33. fxg4 hxg4 34. Qxg4 Qe3 35. Qf3 Nc4 36. Rd1 Qxf3 37. gxf3 Ne3 38. Rdc1 Bf8 39. c4 Rc7 40. c5 Bc8 41. d6 Ra7 42. Rb2 Bh3 43. b5 Rg7 44. Rg1 Rxg1+ 45. Kxg1 Kf7 46. b6 Bc8 47. b7 Bxb7 48. Rxb7+ Ke6 49. Bf1 Nc2 50. Bc4+ Kf6 51. Rf7+ 1-0


[Site "https://www.chess.com"]

[Event "Titled Tuesday Blitz September 28 2021"]
[White "Nurmanova, Alua"]
[Black "Rosen, Eric"]
[WhiteFideId "13729390"]
[BlackFideId "2032562"]
[WhiteElo "1869"]
[BlackElo "2362"]
[Result "1-0"]
[Round "04"]
[TimeControl "180+1"]
[Date "2021.09.28"]
[WhiteClock "0:00:06"]
[BlackClock "0:00:03"]

1. e4 e5 2. Nf3 Nf6 3. Nxe5 Nc6 4. Nxc6 dxc6 5. d3 Bc5 6. Be2 h5 7. c3 Ng4 8. d4 Qh4 9. g3 Qf6 10. f3 h4 11. e5 Nxe5 12. dxe5 Qxe5 13. Bf4 Qe7 14. g4 g5 15. Bd2 Be6 16. Qc1 Bc4 17. Qd1 O-O-O 18. Kf1 Bd5 19. b4 Bb6 20. c4 Bd4 21. Nc3 Bxc3 22. Bxc3 Bxf3 23. Qc2 Bxh1 24. Bxh8 Rxh8 25. Qf5+ Kb8 26. Re1 Be4 27. Qf2 f5 28. gxf5 Rf8 29. Bf3 Bd3+ 30. Kg1 Qxb4 31. Qe3 Qd6 32. Rd1 Rd8 33. Be2 c5 34. Rxd3 Qf8 35. Rxd8+ Qxd8 36. Qe6 Qd4+ 37. Kf1 a5 38. f6 Qf4+ 39. Kg2 g4 40. Bxg4 Qd2+ 41. Be2 Qg5+ 42. Kh3 Qf4 43. f7 Ka7 44. Qe7 Qf5+ 45. Bg4 Qd3+ 46. Kxh4 Qh7+ 47. Kg5 Qg7+ 48. Kf5 Qh7+ 49. Ke5 Qg7+ 50. Qf6 Qf8 51. Bh5 a4 52. Qe6 Qh8+ 53. Kf4 Qxh5 54. f8=Q Qxh2+ 55. Ke4 Qe2+ 56. Kd5 Qd3+ 57. Ke5 Qe3+ 58. Kf6 Qf4+ 59. Qf5 Qd4+ 60. Qe5 Qf2+ 61. Ke7 Qd2 62. Qxc5+ b6 63. Qxc7+ Ka6 64. Qa8# 1-0


[Site "https://www.chess.com"]

[Event "Titled Tuesday Blitz September 28 2021"]
[White "Odegov, Artem"]
[Black "Aldokhin, Ivan"]
[WhiteFideId "34183644"]
[BlackFideId "24115720"]
[WhiteElo "2257"]
[BlackElo "2265"]
[Result "0-1"]
[Round "04"]
[TimeControl "180+1"]
[Date "2021.09.28"]
[WhiteClock "0:00:01"]
[BlackClock "0:00:18"]

1. d4 Nf6 2. c4 g6 3. Nc3 Bg7 4. e4 d6 5. h3 O-O 6. Be3 Nc6 7. d5 Nb4 8. a3 Na6 9. Bd3 Re8 10. Nge2 e6 11. O-O exd5 12. cxd5 Nc5 13. Qc2 Nxd3 14. Qxd3 Bd7 15. Rac1 a6 16. f4 Nxe4 17. Nxe4 Bb5 18. Qc2 Bxe2 19. Rfe1 Bb5 20. Kh2 Rc8 21. Bf2 Bd7 22. Qb3 b6 23. Ng5 h6 24. Nf3 Rxe1 25. Rxe1 Qf6 26. Re2 Qxf4+ 27. Bg3 Qf6 28. Rc2 Bf5 29. Rf2 g5 30. h4 Qg6 31. Nd2 gxh4 32. Bxh4 Re8 33. Nf3 Re4 34. Bg3 Rg4 35. Ng1 Be4 36. Nh3 Be5 37. Bxe5 Rxg2+ 38. Rxg2 Qxg2# 0-1


[Site "https://www.chess.com"]

[Event "Titled Tuesday Blitz September 28 2021"]
[White "Onyshchuk, Volodymyr"]
[Black "Costachi, Mihnea"]
[WhiteFideId "14114038"]
[BlackFideId "1217518"]
[WhiteElo "2603"]
[BlackElo "2482"]
[Result "1-0"]
[Round "04"]
[TimeControl "180+1"]
[Date "2021.09.28"]
[WhiteClock "0:00:12"]
[BlackClock "0:00:24"]

1. e4 e5 2. Nf3 Nc6 3. Bc4 Bc5 4. d3 Nf6 5. Nbd2 d6 6. c3 a6 7. Bb3 Ba7 8. h3 h6 9. Nf1 Be6 10. Ng3 d5 11. Qe2 Qd6 12. O-O O-O-O 13. exd5 Bxd5 14. Ne4 Nxe4 15. dxe4 Bxb3 16. axb3 Qd3 17. Qxd3 Rxd3 18. b4 f6 19. Re1 Rhd8 20. Kf1 Bb6 21. Ke2 Ne7 22. Nd2 Kb8 23. Nc4 Ba7 24. g3 g5 25. Nd2 h5 26. Nf1 h4 27. gxh4 gxh4 28. Ne3 Ng6 29. Nd5 Rxh3 30. Rg1 Nf8 31. Nxf6 Ne6 32. Bg5 Kc8 33. Bh6 Rh8 34. Rad1 b5 35. Ng4 Rh7 36. Bc1 Rf7 37. Rh1 Rxh1 38. Rxh1 Nf4+ 39. Bxf4 Rxf4 40. f3 c6 41. Rxh4 Bb8 42. Rh8+ Kb7 43. Re8 Bc7 44. Nxe5 Rh4 45. Ng4 Rh2+ 46. Nxh2 Bxh2 47. Ke3 Kb6 48. f4 a5 49. bxa5+ Kxa5 50. f5 c5 51. f6 Ka4 52. f7 Bd6 53. e5 Bxe5 54. Rxe5 1-0


[Site "https://www.chess.com"]

[Event "Titled Tuesday Blitz September 28 2021"]
[White "Oparin, Grigoriy"]
[Black "De Silva, L M S T"]
[WhiteFideId "24125890"]
[BlackFideId "9953698"]
[WhiteElo "2604"]
[BlackElo "1621"]
[Result "1-0"]
[Round "04"]
[TimeControl "180+1"]
[Date "2021.09.28"]
[WhiteClock "0:01:12"]
[BlackClock "0:00:20"]

1. e4 e5 2. Nc3 Nf6 3. Bc4 Nc6 4. d3 Bc5 5. f4 d6 6. Nf3 h6 7. Na4 Bb6 8. Nxb6 axb6 9. a3 Be6 10. Bxe6 fxe6 11. fxe5 dxe5 12. Be3 Qd6 13. Qd2 O-O-O 14. O-O Ng4 15. h3 Nxe3 16. Qxe3 Nd4 17. Nxd4 exd4 18. Qe2 Rhf8 19. Qg4 g5 20. Rae1 Qe5 21. Qh5 Qg7 22. Rxf8 Rxf8 23. Rf1 Rxf1+ 24. Kxf1 Kd7 25. Ke2 Qf6 26. g3 c5 27. a4 Qe5 28. Qf7+ Kc8 29. Qf8+ Kc7 30. Kf3 h5 31. Qf7+ Kd6 32. Qxh5 Qf6+ 33. Ke2 c4 34. Qf3 cxd3+ 35. cxd3 Qe5 36. Qf8+ Kc7 37. Kf3 b5 38. a5 Kc6 39. b4 g4+ 40. Kxg4 1-0


[Site "https://www.chess.com"]

[Event "Titled Tuesday Blitz September 28 2021"]
[White "Pasti, Aron"]
[Black "Gasanov, Zaur"]
[WhiteFideId "785857"]
[BlackFideId "34125970"]
[WhiteElo "2080"]
[BlackElo "2099"]
[Result "0-1"]
[Round "04"]
[TimeControl "180+1"]
[Date "2021.09.28"]
[WhiteClock "0:00:17"]
[BlackClock "0:01:32"]

1. e4 c5 2. Nf3 e6 3. d4 cxd4 4. Nxd4 Nc6 5. Nc3 Qc7 6. Be3 a6 7. Qf3 Nf6 8. O-O-O Nxd4 9. Bxd4 e5 10. Qg3 d6 11. Be3 b5 12. f4 b4 13. Nd5 Nxd5 14. exd5 Bf5 15. Rd2 f6 16. Qf2 Bg6 17. h4 Be7 18. h5 Bf7 19. Kb1 O-O 20. Bd3 a5 21. g4 a4 22. Rdd1 b3 23. cxb3 axb3 24. a3 Bxd5 25. Bxh7+ Kxh7 26. Rxd5 Qc4 27. Rhd1 Rfc8 28. Qd2 Qc2+ 29. Ka1 Rxa3+ 0-1


[Site "https://www.chess.com"]

[Event "Titled Tuesday Blitz September 28 2021"]
[White "Pavlidis, Anastasios"]
[Black "Schmakel, Sam"]
[WhiteFideId "4208404"]
[BlackFideId "2039311"]
[WhiteElo "2136"]
[BlackElo "2356"]
[Result "0-1"]
[Round "04"]
[TimeControl "180+1"]
[Date "2021.09.28"]
[WhiteClock "0:00:19"]
[BlackClock "0:00:05"]

1. d4 Nf6 2. c4 g6 3. Nc3 Bg7 4. e4 d6 5. Nf3 O-O 6. Be2 e5 7. Be3 c6 8. d5 Na6 9. O-O Ng4 10. Bc1 f5 11. Ne1 Nf6 12. f3 f4 13. Rb1 g5 14. dxc6 bxc6 15. b4 Rf7 16. c5 d5 17. exd5 cxd5 18. Nd3 Qe7 19. Ba3 e4 20. Nxf4 gxf4 21. Nxd5 Nxd5 22. Qxd5 Nc7 23. Qxe4 Qxe4 24. fxe4 a6 25. Rbd1 Be6 26. Bh5 Rff8 27. Bc1 Be5 28. a3 a5 29. Be2 axb4 30. axb4 Rab8 31. Bd2 Nb5 32. Bxb5 Rxb5 33. Rfe1 Rd8 34. Kf2 Bg4 35. Bxf4 Rxd1 36. Rxd1 Bxd1 37. Bxe5 Rxb4 38. c6 Rxe4 39. c7 Rc4 40. h3 Kf7 41. Kg3 Ba4 42. Bd6 Bd7 43. Bf4 Bc8 44. Be5 Bb7 45. Bf4 Rc2 46. Kh4 Rxg2 47. Bg3 Rc2 48. Bf4 Kg6 49. Bg5 Rc4+ 50. Kg3 Kxg5 0-1


[Site "https://www.chess.com"]

[Event "Titled Tuesday Blitz September 28 2021"]
[White "Perera Alfonso, Rene Humberto"]
[Black "Aradhya, Garg"]
[WhiteFideId "3514722"]
[BlackFideId "25006746"]
[WhiteElo "2313"]
[BlackElo "2146"]
[Result "1-0"]
[Round "04"]
[TimeControl "180+1"]
[Date "2021.09.28"]
[WhiteClock "0:00:08"]
[BlackClock "0:00:12"]

1. e4 e5 2. Nf3 Nc6 3. Bb5 a6 4. Ba4 Nf6 5. O-O b5 6. Bb3 Bc5 7. c3 d6 8. d4 Bb6 9. a4 Bd7 10. a5 Nxa5 11. Rxa5 Bxa5 12. dxe5 dxe5 13. Nxe5 O-O 14. Bg5 Be8 15. Qf3 Qd6 16. Bf4 Qe7 17. Nd2 Bb6 18. h3 Rd8 19. Qe2 c5 20. Ndf3 c4 21. Bc2 Bc7 22. Ra1 a5 23. Qe3 Ra8 24. Rd1 a4 25. Nd4 Bxe5 26. Nf5 Qe6 27. Bxe5 Qxe5 28. Qg5 Nd7 29. Rxd7 Kh8 30. Rd5 Qf6 31. Qg3 a3 32. bxa3 Rxa3 33. e5 Qg6 34. Qe3 Qe6 35. Rd6 Qc8 36. Qg5 Rg8 37. Ne7 Qc5 38. Rd8 Ra1+ 39. Kh2 Rf8 40. Qh5 Qxf2 41. Qxh7# 1-0


[Site "https://www.chess.com"]

[Event "Titled Tuesday Blitz September 28 2021"]
[White "Pert, Richard G"]
[Black "Karavaeva, Olga"]
[WhiteFideId "404748"]
[BlackFideId "4124111"]
[WhiteElo "2441"]
[BlackElo "2105"]
[Result "1-0"]
[Round "04"]
[TimeControl "180+1"]
[Date "2021.09.28"]
[WhiteClock "0:00:16"]
[BlackClock "0:00:16"]

1. e4 c5 2. Nf3 e6 3. c3 Nf6 4. e5 Nd5 5. d4 cxd4 6. cxd4 d6 7. Bd3 Nc6 8. O-O dxe5 9. dxe5 Be7 10. Qe2 h6 11. Nc3 Nxc3 12. bxc3 Qc7 13. Bf4 b6 14. Rad1 Bb7 15. Rfe1 O-O-O 16. a4 g5 17. Be3 Nxe5 18. Nxe5 Qxe5 19. Ba6 Qc7 20. Bd4 Rhg8 21. a5 Bc5 22. axb6 Bxb6 23. Rb1 Rd5 24. Rb4 Rgd8 25. Rc4 Bc5 26. Bxb7+ Kxb7 27. Rb1+ Kc8 28. g3 e5 29. Bxc5 Rxc5 30. Rxc5 Qxc5 31. Qa6+ Kd7 32. Rb7+ Ke8 33. Qa4+ Kf8 34. Qb3 Rd1+ 35. Qxd1 1-0


[Site "https://www.chess.com"]

[Event "Titled Tuesday Blitz September 28 2021"]
[White "Popadic, Dragan"]
[Black "Hjartarson, Johann"]
[WhiteFideId "913650"]
[BlackFideId "2300044"]
[WhiteElo "2207"]
[BlackElo "2502"]
[Result "0-1"]
[Round "04"]
[TimeControl "180+1"]
[Date "2021.09.28"]
[WhiteClock "0:00:27"]
[BlackClock "0:00:26"]

1. e4 Nf6 2. e5 Nd5 3. d4 d6 4. Nf3 Bg4 5. Be2 e6 6. exd6 cxd6 7. h3 Bh5 8. c4 Nb6 9. Nc3 Be7 10. d5 e5 11. g4 Bg6 12. Bd3 N8d7 13. Be3 Rc8 14. b3 a6 15. a4 Qc7 16. h4 Nc5 17. Bxc5 Qxc5 18. h5 Bxd3 19. Qxd3 Qb4 20. Nd2 Nd7 21. O-O Nc5 22. Qc2 O-O 23. Nce4 Nxe4 24. Nxe4 f5 25. gxf5 Rxf5 26. Ng3 Rf3 27. Rab1 Rcf8 28. Kg2 Qc5 29. Qe2 R3f4 30. Rbd1 Qc8 31. Rd3 Bh4 32. Re3 a5 33. Rh1 Rxf2+ 34. Qxf2 Rxf2+ 35. Kxf2 Qf5+ 36. Kg2 Bxg3 37. Rxg3 Qc2+ 38. Kh3 Qe2 39. h6 g6 40. Rh2 Qf1+ 41. Rhg2 e4 42. Kh2 Qf4 43. Kg1 Qc1+ 44. Kh2 Qxh6+ 45. Rh3 Qf4+ 46. Kg1 e3 47. Rhh2 Qd4 48. Rh3 e2+ 49. Kh2 e1=Q 0-1


[Site "https://www.chess.com"]

[Event "Titled Tuesday Blitz September 28 2021"]
[White "Potapova, Margarita"]
[Black "Sadhwani, Raunak"]
[WhiteFideId "14126869"]
[BlackFideId "35093487"]
[WhiteElo "2214"]
[BlackElo "2517"]
[Result "1/2-1/2"]
[Round "04"]
[TimeControl "180+1"]
[Date "2021.09.28"]
[WhiteClock "0:00:15"]
[BlackClock "0:00:33"]

1. d4 d6 2. e4 g6 3. Nc3 Nf6 4. Bg5 Bg7 5. e5 Nfd7 6. exd6 cxd6 7. Qd2 Nc6 8. Nf3 h6 9. Be3 Nf6 10. h3 Bd7 11. Be2 Rc8 12. O-O h5 13. Ng5 O-O 14. Nce4 Nxe4 15. Nxe4 Qa5 16. c3 Rfe8 17. Bh6 Bf5 18. Bxg7 Kxg7 19. Ng3 h4 20. Nxf5+ Qxf5 21. Bg4 Qf6 22. Bxc8 Rxc8 23. Rae1 d5 24. Re3 e6 25. Rf3 Qe7 26. Re1 Rh8 27. b4 Rh5 28. a3 a6 29. Qd3 Qd8 30. b5 axb5 31. Qxb5 Na5 32. Re5 Rh8 33. Re1 Qc7 34. Rb1 Rc8 35. Qb6 Nc4 36. Qxc7 Rxc7 37. Rd3 Nxa3 38. Rb3 Nc4 39. Rd1 Nd6 40. Rdb1 Kf6 41. f3 b5 42. Kf2 Ra7 43. Ke2 Nc4 44. Rxb5 Ra2+ 45. Kf1 Ne3+ 46. Kg1 Rxg2+ 47. Kh1 Rg3 48. Kh2 Rxf3 49. Rb7 Nc4 50. Ra7 Rxc3 51. Rf1+ Kg5 52. Raxf7 Ne3 53. Rg1+ Kh6 54. Rf6 Rc2+ 55. Kh1 Nf5 56. Rfxg6+ Kh7 57. Rxe6 Ng3+ 58. Rxg3 hxg3 59. Re3 Rd2 60. Rxg3 Rxd4 61. Kg2 Kh6 62. Kf2 Kh5 63. Rg8 Kh4 64. Rg4+ Rxg4 65. hxg4 Kxg4 66. Ke3 Kf5 67. Kd4 Ke6 68. Kd3 Kd6 69. Kd4 Kc6 70. Kd3 Kc5 71. Kc3 Kd6 72. Kd4 Ke6 73. Kd3 Ke5 74. Ke3 d4+ 75. Kd3 Kd5 76. Kd2 Kc5 77. Kd3 Kd5 78. Kd2 Ke4 79. Ke2 Kf5 80. Kd3 Ke5 81. Kd2 Ke4 82. Ke2 d3+ 83. Kd2 Kd4 84. Kd1 Ke3 85. Ke1 Kd4 86. Kd2 Kc4 87. Kd1 Kc3 88. Kc1 Kb4 89. Kd2 Kc4 90. Kd1 Kc3 91. Kc1 d2+ 92. Kd1 Kd3 1/2-1/2


[Site "https://www.chess.com"]

[Event "Titled Tuesday Blitz September 28 2021"]
[White "Quispe Arteaga, Gabriel"]
[Black "Pandey Srishti"]
[WhiteFideId "32059809"]
[BlackFideId "35093290"]
[WhiteElo "2192"]
[BlackElo "1816"]
[Result "1-0"]
[Round "04"]
[TimeControl "180+1"]
[Date "2021.09.28"]
[WhiteClock "0:00:08"]
[BlackClock "0:00:12"]

1. c4 e5 2. Nc3 Nf6 3. g3 d5 4. cxd5 Nxd5 5. Bg2 Nb6 6. Nf3 Nc6 7. O-O Bc5 8. a3 O-O 9. b4 Bd6 10. Bb2 a5 11. b5 Nd4 12. Nxd4 exd4 13. Ne4 Be5 14. Rc1 Be6 15. f4 Bd6 16. f5 Bd5 17. f6 g6 18. d3 a4 19. Qd2 Re8 20. Qh6 Bf8 21. Qh4 Bxe4 22. Bxe4 Rb8 23. Qg5 Qd6 24. Kg2 Re5 25. Qf4 Rxb5 26. Qxd6 Bxd6 27. Bxd4 Bxa3 28. Rxc7 Nd5 29. Rc4 Ra8 30. Kf2 Nb6 31. Rc7 Nd5 32. Rd7 Nb4 33. Rb1 Rh5 34. h4 Rb5 35. Rxb7 Rxb7 36. Bxb7 Rb8 37. Be4 Rc8 38. Be3 Nc2 39. Bf4 Bc5+ 40. e3 a3 41. d4 a2 42. Bxc2 axb1=Q 43. Bxb1 Ba7 44. Bd3 Kf8 45. Bd6+ Kg8 46. Ke2 Bb8 47. Bxb8 Rxb8 48. e4 Kf8 49. e5 Ke8 50. d5 Kd7 51. Ke3 Rb4 52. Be4 Ra4 53. Kf4 h6 54. g4 g5+ 55. hxg5 hxg5+ 56. Kf5 Ra1 57. e6+ Ke8 58. Kxg5 Re1 59. Kf5 Rf1+ 60. Ke5 Re1 61. g5 Re2 62. Kf5 Kf8 63. e7+ Ke8 64. d6 Rf2+ 65. Kg4 Rc2 66. Bxc2 Kd7 67. Ba4+ Ke6 68. e8=Q+ Kd5 69. d7 Kc5 70. d8=Q Kb4 71. Qd4+ Ka3 72. Qee3+ Ka2 73. Qdd2+ Kb1 74. Qee1# 1-0


[Site "https://www.chess.com"]

[Event "Titled Tuesday Blitz September 28 2021"]
[White "Quparadze, Giga"]
[Black "Smirnov, Pavel"]
[WhiteFideId "13602250"]
[BlackFideId "4123425"]
[WhiteElo "2658"]
[BlackElo "2563"]
[Result "1-0"]
[Round "04"]
[TimeControl "180+1"]
[Date "2021.09.28"]
[WhiteClock "0:01:52"]
[BlackClock "0:00:53"]

1. e4 e5 2. Nf3 Nc6 3. Bb5 a6 4. Ba4 Nf6 5. d3 d6 6. c3 Be7 7. O-O O-O 8. Re1 b5 9. Bc2 d5 10. exd5 Qxd5 11. Nbd2 Bg4 12. h3 Bh5 13. Ne4 Rad8 14. Qe2 Nxe4 15. dxe4 Qe6 16. Ng5 Bxg5 17. Qxh5 Bxc1 18. Rexc1 Rd2 19. Bb3 Qf6 20. Qf5 Rxb2 21. Qxf6 gxf6 22. Rd1 Rd8 23. Bd5 Rd6 24. a4 Ne7 25. axb5 axb5 26. Ra7 Nxd5 27. exd5 c6 28. Ra8+ Kg7 29. Rd3 Rxd5 30. Rg3+ Kh6 31. Rf3 Rd1+ 32. Kh2 Rd6 33. Rg8 Ra2 34. Rf5 1-0


[Site "https://www.chess.com"]

[Event "Titled Tuesday Blitz September 28 2021"]
[White "Real De Azua, Ernesto"]
[Black "Wagner, Dennis"]
[WhiteFideId "108154"]
[BlackFideId "24650684"]
[WhiteElo "2476"]
[BlackElo "2355"]
[Result "0-1"]
[Round "04"]
[TimeControl "180+1"]
[Date "2021.09.28"]
[WhiteClock "0:00:02"]
[BlackClock "0:00:17"]

1. Nf3 c5 2. c4 Nc6 3. d4 cxd4 4. Nxd4 Nf6 5. Nc3 e6 6. a3 Be7 7. e4 O-O 8. Be2 d5 9. exd5 exd5 10. Be3 Ne5 11. cxd5 Nxd5 12. Nxd5 Qxd5 13. O-O Rd8 14. Rc1 h6 15. h3 a6 16. Re1 Bf6 17. Qc2 b5 18. Qc5 Bb7 19. Qxd5 Bxd5 20. b3 Rac8 21. f4 Nc6 22. Nxc6 Bxc6 23. Kf2 Bb2 24. Rc2 Bxa3 25. Ra1 Bf8 26. Rxa6 Bd7 27. Rxc8 Rxc8 28. Ra7 Be6 29. Bxb5 Rc3 30. Ra8 Rxb3 31. Be2 Rc3 32. Bd4 Rc2 33. Ke3 Bd5 34. Rd8 Bxg2 35. Bd3 Rc7 36. Bb2 Bxh3 37. Ba3 Rc8 38. Rxc8 Bxc8 39. Bb2 Bc5+ 40. Kf3 Bb7+ 41. Kg4 g6 42. f5 Bc8 43. Kf4 Bd6+ 44. Kg4 Kh7 0-1


[Site "https://www.chess.com"]

[Event "Titled Tuesday Blitz September 28 2021"]
[White "Rogac, Srdjan"]
[Black "Leitao, Rafael"]
[WhiteFideId "920576"]
[BlackFideId "2101246"]
[WhiteElo "2389"]
[BlackElo "2609"]
[Result "1/2-1/2"]
[Round "04"]
[TimeControl "180+1"]
[Date "2021.09.28"]
[WhiteClock "0:01:50"]
[BlackClock "0:00:23"]

1. d4 Nf6 2. Bf4 g6 3. Nc3 Bg7 4. Qd2 d6 5. e4 Nbd7 6. Bh6 Bxh6 7. Qxh6 e5 8. Nf3 exd4 9. Nxd4 Qe7 10. f3 Ne5 11. O-O-O Be6 12. Kb1 O-O-O 13. Qe3 a6 14. Nxe6 Qxe6 15. Qa7 Nc6 16. Qa8+ Nb8 17. Qa7 d5 18. exd5 Nxd5 19. Nxd5 Rxd5 20. Bd3 Qd6 21. a3 Rd8 22. Rhe1 Qc5 23. Qxc5 Rxc5 24. Re7 Rf8 25. Rde1 Nc6 26. Re8+ Rxe8 27. Rxe8+ Kd7 28. Rh8 h5 29. h4 Ne5 30. Be4 c6 31. Rb8 Kc7 32. Re8 Kd7 33. Rb8 Kc7 34. Re8 Kd7 35. Rb8 1/2-1/2


[Site "https://www.chess.com"]

[Event "Titled Tuesday Blitz September 28 2021"]
[White "Romanchuk, Viktor"]
[Black "Harshavardhan G B"]
[WhiteFideId "14109271"]
[BlackFideId "25059009"]
[WhiteElo "2242"]
[BlackElo "1825"]
[Result "0-1"]
[Round "04"]
[TimeControl "180+1"]
[Date "2021.09.28"]
[WhiteClock "0:00:07"]
[BlackClock "0:00:22"]

1. d4 Nf6 2. c4 e6 3. Nc3 Bb4 4. e3 b6 5. Ne2 Bb7 6. a3 Bd6 7. d5 c6 8. e4 O-O 9. g3 b5 10. dxe6 dxe6 11. Bg2 bxc4 12. O-O Na6 13. Qd4 e5 14. Qxc4 Nc5 15. Rd1 Ba6 16. Qa2 Nd3 17. b4 Ng4 18. Rf1 Ndxf2 19. h3 Qb6 20. hxg4 Nxg4+ 21. Kh1 Rae8 22. b5 Bc8 23. Ng1 Bc5 24. Nh3 Re6 25. Na4 Qxb5 26. Nxc5 Qxc5 27. Bd2 Rg6 28. Rac1 Qb6 29. Bb4 Be6 30. Qe2 Re8 31. Bc5 Qb7 32. Rb1 Qc8 33. Bg1 Ne3 34. Bxe3 Bxh3 35. Bxh3 Qxh3+ 36. Qh2 Qg4 37. Qg2 h5 38. Kg1 h4 39. Qf3 Qh3 40. Bf2 hxg3 41. Bxg3 Rxg3+ 42. Qxg3 Qxg3+ 0-1


[Site "https://www.chess.com"]

[Event "Titled Tuesday Blitz September 28 2021"]
[White "Rostovtsev, Dmitry"]
[Black "Le, Tuan Minh"]
[WhiteFideId "34278320"]
[BlackFideId "12401153"]
[WhiteElo "2240"]
[BlackElo "2450"]
[Result "0-1"]
[Round "04"]
[TimeControl "180+1"]
[Date "2021.09.28"]
[WhiteClock "0:00:01"]
[BlackClock "0:00:26"]

1. e4 c5 2. Nf3 Nf6 3. e5 Nd5 4. Nc3 e6 5. Nxd5 exd5 6. d4 Nc6 7. dxc5 Bxc5 8. Qxd5 d6 9. exd6 Qb6 10. Qe4+ Be6 11. Bc4 Bxf2+ 12. Kd1 O-O-O 13. Bxe6+ fxe6 14. c3 Rxd6+ 15. Kc2 Qc5 16. Bf4 e5 17. Bxe5 Nxe5 18. Qxe5 Qxe5 19. Nxe5 Re8 20. Nc4 Re2+ 21. Kb3 Rg6 22. Rad1 Rxg2 23. Rd5 Bh4 24. Rhd1 b6 25. a4 Rxh2 26. Rd7 Re7 27. Rd8+ Kc7 28. Ra8 Kb7 29. Rdd8 Bg3 30. Rg8 Bc7 31. Na3 a6 32. Nc4 h5 33. a5 b5 34. Nb6 Ree2 35. c4 Rxb2+ 36. Kc3 b4+ 37. Kd4 Rbd2+ 38. Ke3 Rhe2+ 39. Kf3 Rf2+ 40. Ke4 b3 41. Nd5 b2 0-1


[Site "https://www.chess.com"]

[Event "Titled Tuesday Blitz September 28 2021"]
[White "Rustemov, Alexander"]
[Black "Jobava, Baadur"]
[WhiteFideId "4119002"]
[BlackFideId "13601520"]
[WhiteElo "2751"]
[BlackElo "2731"]
[Result "1-0"]
[Round "04"]
[TimeControl "180+1"]
[Date "2021.09.28"]
[WhiteClock "0:00:05"]
[BlackClock "0:00:14"]

1. d4 Nf6 2. c4 g6 3. g3 Bg7 4. Bg2 O-O 5. Nc3 d6 6. Nf3 Nbd7 7. d5 Nc5 8. Be3 e6 9. h3 Re8 10. O-O exd5 11. cxd5 Rxe3 12. fxe3 Qe7 13. Kh2 Qxe3 14. Qd2 Qe7 15. Rae1 Nfe4 16. Nxe4 Nxe4 17. Qd3 Bf5 18. Nd4 Nxg3 19. Qxg3 Be5 20. Rf4 Bd7 21. Nf3 Bxf4 22. Qxf4 Re8 23. e4 f6 24. Nd4 Kg7 25. Rc1 Rc8 26. Bf3 c5 27. Ne6+ Bxe6 28. dxe6 Rd8 29. Bg4 d5 30. exd5 Rxd5 31. h4 Rd4 32. Qg3 b5 33. Re1 c4 34. Bh3 b4 35. Re2 a5 36. Bg2 Rd3 37. Qf4 c3 38. bxc3 bxc3 39. h5 Rd6 40. h6+ Kf8 41. Qc4 f5 42. Qxc3 Qh4+ 43. Bh3 Qf4+ 44. Kg2 Qg5+ 45. Qg3 Qxg3+ 46. Kxg3 Ke7 47. Kf4 a4 48. Kg5 a3 49. Bg2 Rd4 50. Bf3 Rb4 51. Rc2 Rb2 52. Rc7+ Kxe6 53. Rxh7 Rxa2 54. Ra7 Ra1 55. Kxg6 Rg1+ 56. Kh7 Rg3 57. Rxa3 Kf6 58. Rb3 Kg5 59. Bd5 Rg4 60. Kg7 Kh5+ 61. Kh7 Kg5 62. Bf7 Rh4 63. Rg3+ Kf6 64. Bg6 f4 65. Rg1 f3 66. Rf1 Kg5 67. Kg7 Kf4 68. h7 Kg3 69. h8=Q Rxh8 70. Kxh8 Kg2 71. Bd3 f2 72. Kg7 Kf3 73. Kf6 Ke3 74. Bb5 Kf3 75. Ke5 Kg2 76. Ke4 Kg3 77. Ke3 Kg2 78. Rxf2+ Kh1 79. Kf3 Kg1 80. Kg3 Kh1 81. Rf1# 1-0


[Site "https://www.chess.com"]

[Event "Titled Tuesday Blitz September 28 2021"]
[White "Sadovsky, Artem"]
[Black "Erdogdu, Mert"]
[WhiteFideId "4155840"]
[BlackFideId "6301495"]
[WhiteElo "2414"]
[BlackElo "2485"]
[Result "0-1"]
[Round "04"]
[TimeControl "180+1"]
[Date "2021.09.28"]
[WhiteClock "0:00:01"]
[BlackClock "0:00:29"]

1. Nf3 d5 2. g3 e6 3. Bg2 c5 4. O-O Nf6 5. d3 Nc6 6. Nbd2 Be7 7. e4 O-O 8. c3 b5 9. e5 Nd7 10. d4 b4 11. Re1 bxc3 12. bxc3 Ba6 13. Qa4 Qc8 14. Ba3 Bd3 15. Rec1 Nb6 16. Qd1 Qa6 17. Bxc5 Bxc5 18. dxc5 Nd7 19. Nb3 Ndxe5 20. Nxe5 Nxe5 21. f4 Be2 22. Bf1 Bxf1 23. fxe5 Bd3 24. Qg4 Rab8 25. Re1 Rfc8 26. Qd4 Bc4 27. h4 Qc6 28. Na5 Qxc5 29. Qxc5 Rxc5 30. Rab1 Rb6 31. Rxb6 axb6 32. Nxc4 Rxc4 33. Rb1 Rxc3 34. Rxb6 h5 35. Rb4 Rxg3+ 0-1


[Site "https://www.chess.com"]